 Dungeon Crawl Stone Soup version 0.20.1-1-g8b1a95d (webtiles) character file.

237 Baril the Caller (level 5, -1/29 HPs)
             Began as a Deep Elf Summoner on July 12, 2017.
             Killed by triggering an arrow trap (7 damage)
             ... in an ossuary on July 13, 2017.
             The game lasted 00:53:51 (4441 turns).

Baril the Caller (Deep Elf Summoner)                Turns: 4441, Time: 00:53:51

Health: -1/29      AC:  4    Str:  5    XL:     5   Next: 77%
Magic:  13/15      EV: 13    Int: 21    God:
Gold:   147        SH:  0    Dex: 15    Spells: 2/15 levels left

rFire    . . .     SeeInvis .   a - +1 dagger (protect)
rCold    . . .     Gourm    .   (no shield)
rNeg     . . .     Faith    .   m - +0 robe
rPois    .         Spirit   .   (no helmet)
rElec    .         Reflect  .   (no cloak)
rCorr    .         Harm     .   g - +1 pair of gloves
MR       +....                  (no boots)
Stlth    ++........             d - amulet of regeneration
Regen    0.1/turn               o - ring of protection from magic
MPRegen  0.2/turn               (no ring)

@: no status effects
A: no striking features
a: no special abilities


You were in an ossuary.
You were not hungry.

You visited 1 branch of the dungeon, and saw 4 of its levels.
You also visited: Ossuary.

You collected 147 gold pieces.

Inventory:

Hand Weapons
 a - a +1 dagger of protection (weapon)
 b - a +0 hunting sling
 q - a +0 short sword
Missiles
 e - 21 sling bullets
 f - 140 stones (quivered)
 j - 42 bolts
 u - 15 arrows
 v - 7 needles of confusion
 y - 4 steel tomahawks
Armour
 g - a +1 pair of gloves (worn)
 m - a +0 robe (worn)
Jewellery
 d - an amulet of regeneration (around neck)
 o - a ring of protection from magic (left hand)
Scrolls
 r - 2 scrolls of remove curse
Potions
 i - a potion of haste
 n - a potion of cancellation {unknown}
Books
 p - a book of Callings

   Spells                             Type                      Level
   a - Summon Small Mammal            Summoning                    1
   b - Call Imp                       Summoning                    2
   c - Call Canine Familiar           Summoning                    3
   d - Summon Guardian Golem          Hexes/Summoning              3
   e - Summon Lightning Spire         Summoning/Air                4
   f - Summon Ice Beast               Ice/Summoning                4
Comestibles
 c - 4 bread rations
 h - 3 royal jellies
 k - 3 fruits
 s - 7 chunks of flesh
 z - 2 meat rations


   Skills:
 + Level 1.1 Fighting
 + Level 0.4 Armour
 + Level 2.9 Dodging
 - Level 2.4 Stealth
 + Level 5.8 Spellcasting
 + Level 5.9 Summonings


You had 2 spell levels left.
You knew the following spells:

 Your Spells              Type           Power        Failure   Level  Hunger
a - Summon Small Mammal   Summ           ####         1%          1    None
b - Call Imp              Summ           ####....     1%          2    None
c - Call Canine Familiar  Summ           ####....     2%          3    ##.....
d - Summon Guardian Gole  Hex/Summ       ###.....     9%          3    ##.....
e - Summon Ice Beast      Ice/Summ       ###.....     28%         4    ####...


Dungeon Overview and Level Annotations

Branches:
Dungeon (4/15)
 Temple: D:4-7

Altars:
Cheibriados
Dithmenos


Message History

Your hound bites the orc zombie.
Your shadow imp completely misses the orc zombie.
You barely miss the orc zombie.
The orc zombie is severely damaged.
Your shadow imp hits the orc zombie.
The orc zombie is destroyed!
There is an empty arch of ancient stone here.
You swap places.
There is an open door here.
You found an arrow trap!
Really walk into that arrow trap?
Okay, then.
An arrow shoots out and hits you!
There is an arrow trap here.
An arrow shoots out and hits you!
* * * LOW HITPOINT WARNING * * *
There is an arrow trap here.
You swap places.
An arrow hits your shadow imp! An arrow shoots out and hits you!
You die...

##+## #5^.#
#h.@##########
#^..#...#??!!#
#.^.'.∩.#!($!+
#∩..#...#!!?!#
##############


You could see a friendly hound and a friendly shadow imp.

Vanquished Creatures
  A worker ant (D:4)
  2 oozes (D:3)
  2 adder skeletons
  2 worms (D:2)
  A dart slug (D:3)
  3 leopard geckos
  An orc (D:3)
  2 bats
  3 giant cockroaches
  3 goblins (D:2)
  5 hobgoblins
  A frilled lizard (D:2)
  A leopard gecko skeleton (D:4)
  4 rats
31 creatures vanquished.

Vanquished Creatures (collateral kills)
  An ogre (D:4)
  An orc priest (D:3)
  Natasha (thrice) (D:2)
  7 adders
  A worm (D:4)
  3 dart slugs
  A leopard gecko (D:4)
  5 orcs
  A ball python (D:1)
  A bat (D:2)
  2 giant cockroaches (D:1)
  3 goblins
  8 hobgoblins
  6 jackals
  2 frilled lizards
  A jackal skeleton (D:4)
  3 kobolds
  2 orc zombies (Ossuary)
  4 rats (D:1)
55 creatures vanquished.

Vanquished Creatures (others)
  A bat (D:1)
1 creature vanquished.

Grand Total: 87 creatures vanquished

Notes
Turn   | Place    | Note
-------+----------+-------------------------------------------
     0 | D:1      | Baril the Deep Elf Summoner began the quest for the Orb.
     0 | D:1      | Reached XP level 1. HP: 10/10 MP: 6/6
   634 | D:1      | Reached XP level 2. HP: 15/15 MP: 5/8
   638 | D:1      | Learned a level 2 spell: Call Imp
  1461 | D:1      | Reached skill level 5 in Summonings
  2100 | D:2      | Noticed Natasha
  2112 | D:2      | Noticed a crimson imp
  2146 | D:2      | Noticed a crimson imp
  2147 | D:2      | Killed Natasha
  2147 | D:2      | Reached XP level 3. HP: 19/19 MP: 4/10
  2152 | D:2      | Learned a level 3 spell: Call Canine Familiar
  2380 | D:2      | Noticed Natasha
  2395 | D:2      | Killed Natasha
  2395 | D:2      | Reached XP level 4. HP: 24/24 MP: 5/12
  2450 | D:2      | Learned a level 3 spell: Summon Guardian Golem
  2606 | D:2      | Noticed Natasha
  2643 | D:2      | Killed Natasha
  2702 | D:2      | Reached skill level 5 in Spellcasting
  3520 | D:3      | Found a snail-covered altar of Cheibriados.
  3752 | D:3      | Reached XP level 5. HP: 24/28 MP: 14/14
  3758 | D:3      | Learned a level 4 spell: Summon Ice Beast
  4121 | D:4      | Noticed an ogre
  4149 | D:4      | Killed an ogre
  4149 | D:4      | Reached skill level 1 in Fighting
  4178 | D:4      | Found a shadowy altar of Dithmenos.
  4375 | D:4      | Found a sand-covered staircase.
  4414 | Ossuary  | Entered an ossuary
  4441 | Ossuary  | Killed by triggering an arrow trap

Skill      XL: |  1  2  3  4  5 |
---------------+----------------+-----
Summonings     | 5 |  5.9
Spellcasting   | 4 5 |  5.8
Fighting       | 1 |  1.1
Armour         | |  0.4
Dodging        | |  2.9
Stealth        | |  2.4

Action                   |  1- 3 |  4- 6 || total
-------------------------+-------+-------++-------
Melee: Club              |    15 |       ||    15
       Short sword       |    31 |       ||    31
       Dagger            |    25 |   170 ||   195
 Fire: Hunting sling     |     3 |     8 ||    11
 Cast: Summon Small Mamm |    60 |       ||    60
       Call Imp          |    10 |    28 ||    38
       Call Canine Famil |     1 |     8 ||     9
  Use: Scroll            |     3 |     4 ||     7
       Potion            |       |     3 ||     3
 Stab: Distracted        |     1 |       ||     1
       Sleeping          |     1 |     5 ||     6
  Eat: Chunk             |     4 |     7 ||    11
       Fruit             |     1 |       ||     1
Armor: Robe              |    20 |    47 ||    67
Dodge: Dodged            |    74 |    90 ||   164
